 Dungeon Crawl Stone Soup version 0.31-a0-963-ga325b2283a (webtiles) character file.

Game seed: 11494241290565561246

13277 Ahpoh the Carver (level 12, -5/96 HPs)
             Began as a Barachi Fighter on Oct 23, 2023.
             Was an Elder of Cheibriados.
             Slain by Erolcha
             ... wielding a +0 giant club
              (36 damage)
             ... on level 12 of the Dungeon on Oct 24, 2023.
             The game lasted 00:33:23 (10166 turns).

Ahpoh the Carver (Barachi Fighter)                 Turns: 10166, Time: 00:33:23

Health: -5/96      AC: 21    Str: 33      XL:     12   Next: 4%
Magic:  15/15      EV: 19    Int: 19      God:    Cheibriados [****..]
Gold:   549        SH: 13    Dex: 26 (27) Spells: 11/11 levels left

rFire   . . .        a - +0 long sword (spect)
rCold   . . .        h - +0 kite shield
rNeg    . . .        s - +3 chain mail {rPois}
rPois   +            F - +0 helmet
rElec   .            T - scarf {repulsion}
rCorr   .            G - +2 pair of gloves
SInv    .            K - +0 pair of boots
Will    .....        L - amulet of regeneration Stlth
                     l - +6 ring of strength
HPRegen 1.16/turn    J - +5 ring of evasion
MPRegen 0.14/turn

%: random rage (3%), repel missiles
@: on berserk cooldown, slowed, very slow
A: amphibious, slowness 1, strong legs 1, +LOS, berserk 1, shaggy fur 1
a: Hop, Renounce Religion, Bend Time, Temporal Distortion, Slouch


You were on level 12 of the Dungeon.
You worshipped Cheibriados.
Cheibriados was greatly pleased with you.
You visited 2 branches of the dungeon, and saw 13 of its levels.
You visited the Abyss 1 time.

You collected 616 gold pieces.
You spent 67 gold pieces at shops.

Inventory:

Hand Weapons
 a - a +0 spectral long sword (weapon)
 o - a +2 vampiric trident
 O - a +3 short sword
Missiles
 d - 13 boomerangs (quivered)
 k - 18 darts of dispersal
Armour
 h - a +0 kite shield (worn)
 s - a +3 chain mail of poison resistance (worn)
 F - a +0 helmet (worn)
 G - a +2 pair of gloves (worn)
 K - a +0 pair of boots (worn)
 T - a scarf of repulsion (worn)
Jewellery
 l - a +6 ring of strength (left hand)
 n - an amulet of the acrobat
 u - a ring of positive energy
 J - a +5 ring of evasion (right hand)
 L - an amulet of regeneration (around neck)
 N - an amulet of magic regeneration
 P - a ring of wizardry
 R - an amulet of guardian spirit
Wands
 r - a wand of flame (3)
 y - a wand of digging (7)
 E - a wand of roots (2)
Scrolls
 b - 5 scrolls of vulnerability
 c - a scroll of silence {unknown}
 g - 4 scrolls of poison {unknown}
 j - 3 scrolls of blinking {unknown}
 q - 2 scrolls of brand weapon
 v - a scroll of amnesia {unknown}
 w - a scroll of teleportation
 x - a scroll of torment {unknown}
 B - 2 scrolls of immolation {unknown}
 D - a scroll of enchant weapon {unknown}
 I - 3 scrolls of fear {unknown}
Potions
 e - a potion of brilliance {unknown}
 f - 2 potions of attraction
 i - a potion of enlightenment
 m - 2 potions of haste
 A - a potion of cancellation
 H - 2 potions of curing
 M - a potion of degeneration
 S - a potion of lignification {unknown}
Miscellaneous
 p - a phantom mirror (inert)


   Skills:
 * Level 9.4 Fighting
 * Level 13.5 Long Blades
 + Level 1.3 Throwing
 * Level 9.8 Armour
 * Level 6.5 Dodging
 * Level 9.4 Shields
 * Level 4.3 Invocations
 + Level 1.3 Evocations


You had 11 spell levels left.
You didn't know any spells.
Your spell library contained the following spells:

 Spells                   Type           Power      Damage    Failure   Level
 Blink                    Tloc           0%         N/A       82%         2
 Cigotuvi's Dreadful Rot  Necr/Pois/Air  0%         N/A       82%         2
 Lesser Beckoning         Tloc           0%         N/A       82%         2
 Momentum Strike          Conj/Tloc      0%         3d8       82%         2
 Sublimation of Blood     Necr           0%         N/A       82%         2
 Call Canine Familiar     Summ           0%         N/A       96%         3
 Inner Flame              Hex/Fire       0%         N/A       96%         3
 Summon Guardian Golem    Hex/Summ       0%         N/A       96%         3
 Animate Dead             Necr           0%         N/A       100%        4
 Dispel Undead            Necr           0%         3d6       100%        4
 Iskenderun's Mystic Bla  Conj/Tloc      0%         2d3       100%        4
 Petrify                  Tmut/Erth      0%         N/A       100%        4
 Sticky Flame             Conj/Fire      0%         2d3       100%        4
 Summon Ice Beast         Ice/Summ       0%         N/A       100%        4
 Borgnjor's Vile Clutch   Necr/Erth      0%         N/A       100%        5
 Fireball                 Conj/Fire      0%         3d3       100%        5
 Irradiate                Conj/Tmut      0%         3d11      100%        5
 Yara's Violent Unravell  Hex/Tmut       0%         3d3       100%        5
 Death Channel            Necr           0%         N/A       100%        6
 Enfeeble                 Hex            0%         N/A       100%        7
 Monstrous Menagerie      Summ           0%         N/A       100%        7
 Orb of Destruction       Conj           0%         9d5       100%        7
 Spellforged Servitor     Conj/Summ      0%         N/A       100%        7


Dungeon Overview and Level Annotations

Branches:
Dungeon (12/15)            Temple (1/1) D:6            Lair (0/5) D:9
    Orc (0/2) D:9

Altars:
Ashenzari
Cheibriados
Dithmenos
Elyvilon
Fedhas
Gozag
Hepliaklqana
Kikubaaqudgha
Makhleb
Nemelex Xobeh
Okawaru
Qazlal
Ru
Sif Muna
Trog
Uskayaw
Vehumet
Wu Jian
Xom
Yredelemnul
Zin
The Shining One

Shops:
D:9 [

Annotations:
D:12 3 runed translucent doors, Erolcha; Urug; strifetoe's ghost, journeyman AtBe


Innate Abilities, Weirdness & Mutations

You are amphibious.
You cover ground slowly.
You can hop short distances.
You have an extended range of vision and can be seen from far away.
You sometimes lose your temper in combat.
You are covered in fur. (AC +1)


Message History

You slice the manticore!!
You kill the manticore!
Cheibriados appreciates the change of pace.
The wraith closely misses you.
Urug zaps a wand.
You easily resist.
You hit the wraith but do no damage. You block the wraith's attack.
Urug hits you with a +4 scimitar!
Erolcha zaps a wand.
You easily resist.
You slash Erolcha!
Erolcha is severely wounded.
The wraith hits you but does no damage. Urug barely misses you.
Erolcha closely misses you.
You slash Erolcha!
Erolcha is severely wounded.
The wraith completely misses you.
Urug zaps a wand.
You easily resist.
Erolcha zaps a wand.
You suddenly lose the ability to move!
Urug hits you with a +4 scimitar. The wraith barely misses you.
Erolcha gestures wildly while chanting.
Erolcha flickers and vanishes!
Deactivating autopickup; reactivate with Ctrl-A.
The wraith hits you. Urug hits you with a +4 scimitar! Something hits you!!
The wraith hits you. Urug hits you with a +4 scimitar!
You can move again.
You slash the wraith!
The wraith is heavily damaged.
You are no longer berserk.
You are exhausted.
You feel as though you will be slow longer.
You block the wraith's attack. Urug hits you but does no damage.
Something hits you!!
* * * LOW HITPOINT WARNING * * *
You feel much better. You block the wraith's attack.
Urug hits you with a +4 scimitar.
You hear some strange, mumbled words.
Something tries to affect you, but you resist.
Aiming: Phantom Mirror
Press: ? - help, Q - select action, (/) - cycle Dir - move target, f - Urug
Aim: Urug, wielding a +4 scimitar, wearing a +0 chain mail, quivering javelins and carrying a wand of paralysis You reflect Urug with the mirror!
The mirror clouds!
You block the wraith's attack. Urug hits you with a +4 scimitar!
Urug closely misses Urug.
Something hits you!!!
You die...

########## #........#
###### #........# #.....#
#........# #......)
#........# ........
#........##o.......
#######.........@Wo......
.....##........##{.......
.....##........# ...$....
.........................
............#####........
............# ........
............# ........
............## ........
#.#..........# ........


You could see Urug (ally target), a wraith and the friendly Urug (summoned,
drained).

Vanquished Creatures
  Snorg (D:11)
  A tengu warrior (D:11)
  A deep elf pyromancer (D:12)
  A worldbinder (Abyss:1)
  3 manticores
  A smoke demon (Abyss:1)
  2 unseen horrors
  A gargoyle (D:12)
  A tengu conjurer (D:11)
  Grinder (D:3)
  3 trolls
  A hornet (D:9)
  2 wraiths (D:12)
  2 wyverns
  2 vampires (D:11)
  11 yaks
  A chaos spawn (Abyss:1)
  2 vampire mosquitoes (D:12)
  2 basilisks (D:9)
  2 steam dragons
  Eustachio (D:6)
  A water moccasin (D:6)
  A sky beast (D:8)
  2 ice beasts
  6 orc warriors
  3 ogres
  2 centaurs (D:9)
  2 phantoms
  5 kobold brigands
  3 bullfrogs
  10 wights
  6 killer bees (D:10)
  2 howler monkeys (D:8)
  2 electric eels (D:10)
  5 hounds
  12 orc priests
  2 sleepcaps
  3 iguanas
  12 orc wizards
  Ijyb (D:4)
  A mummy (D:6)
  Robin (D:1)
  4 gnolls (D:3)
  4 adders
  A white imp (D:6)
  An ufetubus (Abyss:1)
  4 dart slugs
  42 orcs
  5 ball pythons
  6 bats
  4 endoplasms
  4 giant cockroaches
  11 goblins
  9 hobgoblins
  8 quokkas
  4 frilled lizards
  2 hobgoblin zombies (D:6)
  16 kobolds
  A kobold zombie (D:6)
  An orc zombie (D:6)
  10 rats
261 creatures vanquished.

Vanquished Creatures (others)
  An orc wizard (D:3)
  4 spectral weapons
5 creatures vanquished.

Grand Total: 266 creatures vanquished

Notes
Turn   | Place    | Note
-------+----------+-------------------------------------------
     0 | D:1      | Ahpoh the Barachi Fighter began the quest for the Orb.
     0 | D:1      | Reached XP level 1. HP: 18/18 MP: 1/1
   112 | D:1      | Reached XP level 2. HP: 25/25 MP: 2/2
   554 | D:1      | Reached skill level 3 in Long Blades
   573 | D:1      | Reached XP level 3. HP: 30/30 MP: 3/3
   899 | D:2      | Noticed Robin
   967 | D:1      | Killed Robin
  1108 | D:2      | Reached XP level 4. HP: 37/37 MP: 4/4
  1480 | D:3      | Reached skill level 1 in Dodging
  1499 | D:3      | Reached skill level 4 in Long Blades
  1499 | D:3      | Reached XP level 5. HP: 37/43 MP: 5/5
  1588 | D:3      | Noticed Grinder
  1591 | D:3      | Paralysed by Grinder for 3 turns
  1610 | D:3      | Paralysed by Grinder for 4 turns
  1612 | D:3      | HP: 2/43 [Grinder (7)]
  1621 | D:3      | Killed Grinder
  1622 | D:3      | Reached skill level 5 in Long Blades
  1622 | D:3      | Reached XP level 6. HP: 6/50 MP: 6/6
  1940 | D:3      | Reached skill level 6 in Long Blades
  1940 | D:3      | Reached XP level 7. HP: 46/55 MP: 7/7
  2020 | D:3      | You fall into a shaft and drop 2 floors!
  2020 | D:5      | Entered Level 5 of the Dungeon
  2032 | D:5      | Reached skill level 5 in Armour
  2110 | D:5      | Found a bloodstained altar of Trog.
  2113 | D:5      | Found a glowing silver altar of Zin.
  2113 | D:5      | Found an ancient bone altar of Kikubaaqudgha.
  2113 | D:5      | Found a stormy altar of Qazlal.
  2113 | D:5      | Found a blossoming altar of Fedhas.
  2114 | D:5      | Found a broken altar of Ashenzari.
  2116 | D:5      | Found a shadowy altar of Dithmenos.
  2118 | D:5      | Found a shimmering blue altar of Sif Muna.
  2119 | D:5      | Found an ornate altar of the Wu Jian Council.
  2177 | D:4      | Reached skill level 5 in Fighting
  2253 | D:4      | Noticed Ijyb
  2269 | D:4      | Killed Ijyb
  2528 | D:3      | Reached skill level 7 in Long Blades
  2661 | D:3      | Found a basalt altar of Yredelemnul.
  3601 | D:5      | Found a sacrificial altar of Ru.
  3714 | D:6      | Reached XP level 8. HP: 44/62 MP: 8/8
  4035 | D:6      | Reached skill level 8 in Long Blades
  4035 | D:6      | Reached skill level 5 in Shields
  4152 | D:6      | Noticed Eustachio
  4227 | D:6      | Killed Eustachio
  4460 | D:6      | Found a staircase to the Ecumenical Temple.
  4486 | Temple   | Entered the Ecumenical Temple
  4506 | Temple   | Became a worshipper of Cheibriados the Contemplative
  4784 | D:7      | Reached skill level 9 in Long Blades
  4816 | D:6      | Reached XP level 9. HP: 68/69 MP: 9/9
  4869 | D:7      | Reached * piety under Cheibriados
  5059 | D:7      | Reached skill level 10 in Long Blades
  5704 | D:8      | Reached skill level 1 in Invocations
  5732 | D:8      | Reached ** piety under Cheibriados
  5752 | D:8      | Reached skill level 11 in Long Blades
  5752 | D:8      | Reached XP level 10. HP: 53/79 MP: 11/11
  6147 | D:8      | Found a sparkling altar of Nemelex Xobeh.
  6378 | D:9      | Identified the "Ulaqaisu"
  6436 | D:9      | Found Koorchot's Armour Boutique.
  6467 | D:9      | Bought a +0 pair of boots for 67 gold pieces
  6495 | D:9      | Found a staircase to the Lair.
  6522 | D:9      | Reached skill level 5 in Dodging
  6804 | D:9      | Reached *** piety under Cheibriados
  7109 | D:9      | Identified the +7 dagger "Killer Klown's Curse" {antimagic,
                  | Str+4}
  7144 | D:9      | Reached skill level 12 in Long Blades
  7377 | D:9      | Found a staircase to the Orcish Mines.
  7455 | D:9      | Found a hide-covered altar of Uskayaw.
  7505 | D:10     | Entered Level 10 of the Dungeon
  7505 | D:10     | Noticed a red ugly thing
  7653 | D:9      | Reached **** piety under Cheibriados
  7669 | D:10     | Reached XP level 11. HP: 70/87 MP: 13/13
  7977 | D:10     | Found a hazy altar of Hepliaklqana.
  8064 | D:10     | Found a white marble altar of Elyvilon.
  8615 | D:11     | Identified the of Ereat
  8849 | D:11     | Reached skill level 1 in Throwing
  8875 | D:11     | Noticed a manticore
  8887 | D:11     | Killed a manticore
  8932 | D:11     | Noticed a manticore
  8943 | D:11     | Killed a manticore
  9061 | D:11     | Noticed Snorg
  9143 | D:11     | Noticed a tengu warrior
  9151 | D:11     | Reached skill level 1 in Evocations
  9156 | D:11     | Killed a tengu warrior
  9164 | D:11     | Upgraded the game from 0.31-a0-960-g0fca184906 to
                  | 0.31-a0-963-ga325b2283a
  9280 | D:11     | Gained mutation: You are covered in fur. (AC +1) [potion of
                  | mutation]
  9280 | D:11     | Gained mutation: You sometimes lose your temper in combat.
                  | [potion of mutation]
  9299 | D:11     | Killed Snorg
  9300 | D:11     | Reached skill level 13 in Long Blades
  9769 | D:12     | Found a runed translucent gate.
  9770 | D:12     | Found a runed translucent gate.
  9771 | D:12     | Found a runed translucent gate.
  9771 | D:12     | Noticed a phantasmal warrior
  9807 | D:12     | Noticed strifetoe's ghost (journeyman AtBe)
  9905 | D:12     | Noticed a deep elf pyromancer
  9908 | D:12     | Noticed Erolcha
  9910 | D:12     | Noticed Urug
  9917 | D:12     | Killed a deep elf pyromancer
  9920 | Abyss:1  | Cast into level 1 of the Abyss (Erolcha)
 10045 | Abyss:1  | Noticed a starcursed mass
 10089 | Abyss:1  | Noticed a worldbinder
 10091 | Abyss:1  | Noticed a deep elf pyromancer
 10091 | Abyss:1  | Noticed a deep elf knight
 10092 | Abyss:1  | Noticed a deep elf zephyrmancer
 10109 | Abyss:1  | Killed a worldbinder
 10148 | Abyss:1  | Noticed a worldbinder
 10150 | D:12     | Escaped the Abyss
 10150 | D:12     | Noticed a manticore
 10154 | D:12     | Reached XP level 12. HP: 95/95 MP: 15/15
 10161 | D:12     | Paralysed by Erolcha for 3 turns
 10166 | D:12     | Slain by Erolcha

Illustrated notes

Levels and vault maps discovered:
D:1:      minmay_arrival_radiant_lines, layout_basic, minmay_pentomino_u2
D:2:      layout_rooms, st_stairs_7, uniq_robin
D:3:      layout_loops_ring, mainiacjoe_overflow_paths, st_stairs_6,
          uniq_grinder
D:4:      layout_cave_pools, uniq_ijyb
D:5:      layout_basic, nicolae_ru_path_of_blood, minitemple
D:6:      layout_basic, minmay_temple_entry_proselytizer,
          minmay_misc_feat_encased, minmay_mini_ossuary, uniq_eustachio
D:7:      layout_basic, minmay_unpleasant_kobolds
D:8:      layout_loops_ring, mainiacjoe_overflow_alcove_1
D:9:      layout_roguey, kennysheep_mini_moat, david_lair_generic, david_orc_4,
          serial_shops, nicolae_shop_statue_plus
D:10:     layout_stronghold, mainiacjoe_overflow_surrounded_room,
          nicolae_elyvilon_temple_path, chequers_avenue,
          hangedman_abyss_or_decor_slice, chequers_big_river
D:11:     layout_stronghold, uniq_snorg
D:12:     layout_rooms, gammafunk_ghost_spectres, grunt_ministairs_1,
          uniq_jorgrun, uniq_erolcha, uniq_urug, uniq_frances
Temple:   hellmonk_temple_of_storms

Skill      XL: |  1  2  3  4  5  6  7  8  9 10 11 |
---------------+----------------------------------+-----
Fighting       | 4 5 7 8 9 |  9.4
Long Blades    | 3 4 5 6 7 9 11 12 13 | 13.5
Armour         | 4 5 6 7 8 9 |  9.8
Dodging        | 1 2 3 4 5 6 |  6.5
Shields        | 4 5 6 7 9 |  9.4
Invocations    | 1 3 4 |  4.3
Throwing       | 1 |  1.3
Evocations     | 1 |  1.3

Action                     |  1- 3 |  4- 6 |  7- 9 | 10-12 || total
---------------------------+-------+-------+-------+-------++-------
  Melee: Long sword        |   124 |    77 |   374 |   453 ||  1028
  Throw: Boomerang         |       |       |    10 |    12 ||    22
 Invoke: Slouch            |       |       |       |     1 ||     1
         Temporal Distorti |       |       |       |     1 ||     1
Ability: Hop               |     1 |       |     5 |     3 ||     9
  Evoke: Wand              |       |       |    11 |    12 ||    23
         Phantom mirror    |       |       |       |     1 ||     1
    Use: Scroll            |     5 |       |     3 |     6 ||    14
         Potion            |       |     1 |     1 |     8 ||    10
   Stab: Distracted        |       |       |       |     5 ||     5
         Invisible         |       |       |       |     1 ||     1
 Armour: Scale mail        |   126 |    51 |    22 |       ||   199
         Chain mail        |       |       |   210 |   283 ||   493
  Dodge: Dodged            |    95 |    22 |   176 |   301 ||   594
         Repelled          |       |       |       |     3 ||     3
  Block: Buckler           |    19 |       |       |       ||    19
         Kite shield       |    61 |    25 |   178 |   301 ||   565

Table legend: (Time is in decaauts)
 A = Elapsed time spent in this place.
 B = Non-inter-level travel time spent in this place.
 C = Inter-level travel time spent in this place.
 D = Time resting spent in this place.
 E = Time spent auto-exploring this place.
 F = Levels seen in this place.
 G = Mean time per level.
                   A        B        C        D        E       F      G
               +--------+--------+--------+--------+--------+-----+--------+
         Total |  14361 |  13813 |    548 |    957 |   8455 |  14 | 1025.8 |
       Dungeon |  13947 |  13399 |    548 |    912 |   8339 |  12 | 1162.2 |
        Temple |     53 |     53 |      0 |      0 |      0 |   1 |   53.0 |
         Abyss |    361 |    361 |      0 |     45 |    115 |   1 |  361.0 |
               +--------+--------+--------+--------+--------+-----+--------+

Top non-repeatable levels by time:
     D:9: 1951 daAuts
    D:11: 1909 daAuts
    D:10: 1878 daAuts
     D:3: 1198 daAuts
     D:8: 1188 daAuts
     D:7: 1153 daAuts
     D:6: 1092 daAuts
     D:1: 1070 daAuts
     D:4: 868 daAuts
     D:5: 742 daAuts
     D:2: 624 daAuts
 Abyss:1: 361 daAuts
    D:12: 270 daAuts
  Temple: 53 daAuts
